 Dungeon Crawl Stone Soup version 0.26.1-11-gd32895ea62 (webtiles) character file.

Game seed: 5238108820169014692

28 ubername the Insei (level 3, -7/26 HPs)
             Began as a Barachi Transmuter on July 7, 2021.
             Mangled by Terence
             ... wielding a +0 mace
              (10 damage)
             ... on level 2 of the Dungeon.
             The game lasted 00:01:46 (1155 turns).

ubername the Insei (Barachi Transmuter)             Turns: 1155, Time: 00:01:47

Health: -7/26      AC:  3    Str: 11    XL:     3   Next: 12%
Magic:  5/6        EV: 12    Int: 13    God:
Gold:   41         SH:  0    Dex: 13    Spells: 5/6 levels left

rFire    . . .     SeeInvis .     - Unarmed
rCold    . . .     Faith    .   (no shield)
rNeg     . . .     Spirit   .   a - +0 robe
rPois    .         Reflect  .   (helmet currently unavailable)
rElec    .         Harm     .   d - +0 cloak
rCorr    .         Rampage  .   (no gloves)
Will     .....                  (boots currently unavailable)
Stlth    +.........             (no amulet)
HPRegen  0.08/turn              (no ring)
MPRegen  0.10/turn              (no ring)

@: appendages (expiring), slow
A: +LOS, swims, horns 2, talons 2, slowness 1, strong legs 1
a: Hop, End Transformation


You were on level 2 of the Dungeon.
You had grown temporary horns.
You had grown temporary talons.
You visited 1 branch of the dungeon, and saw 2 of its levels.

You collected 41 gold pieces.

Inventory:

Hand Weapons
 b - a +0 short sword
 i - a +0 dagger of electrocution
Missiles
 c - 2 stones
 f - 7 boomerangs (quivered)
Armour
 a - a +0 robe (worn)
 d - a +0 cloak (worn)
Jewellery
 e - a +6 ring of intelligence {unknown}
Scrolls
 g - a scroll of identify
 j - a scroll of remove curse {unknown}
 l - a scroll of teleportation {unknown}
 o - a scroll of random uselessness {unknown}
Potions
 h - a potion of curing {unknown}
 k - 2 potions of flight {unknown}
 m - a potion of haste {unknown}
 n - 2 potions of magic {unknown}


   Skills:
 + Level 1.3 Fighting
 + Level 2.2 Dodging
 + Level 3.8 Unarmed Combat
 + Level 2.3 Spellcasting
 + Level 3.0 Transmutations


You had 5 spell levels left.
You knew the following spells:

 Your Spells              Type           Power        Failure   Level
a - Beastly Appendage     Tmut           18%          7%          1

Your spell library contained the following spells:

 Spells                   Type           Power        Failure   Level
 Wereblood                Tmut           9%           11%         2
 Spider Form              Tmut/Pois      2%           36%         3
 Ice Form                 Ice/Tmut       5%           78%         4
 Blade Hands              Tmut           4%           89%         5


Dungeon Overview and Level Annotations

Branches:
Dungeon (2/15)

Altars:

Annotations:
D:2 Terence


Innate Abilities, Weirdness & Mutations

You can be seen from farther away. (+LOS)
You can swim through water.
You cover ground slowly.
You can hop short distances.
You have a pair of horns on your head.
You have razor-sharp toenails.


Message History

Terence hits you with a +0 mace.
* * * LOW HITPOINT WARNING * * *
You barely miss Terence. Your punch misses Terence.
Terence is severely wounded.
Casting: Beastly Appendage (safe; 7% risk of failure)
Confirm with . or Enter, or press ? or * to list all spells.
You grow a pair of large bovine horns.
Your feet morph into talons.
Terence closely misses you.
Unknown command.
You hit Terence but do no damage.
Terence is severely wounded.
Terence hits you but does no damage.
You hit Terence but do no damage. You claw Terence, but do no damage.
Terence is severely wounded.
Your transformation is almost over.
Terence barely misses you.
You hit Terence but do no damage.
Terence is heavily wounded.
Terence hits you with a +0 mace!
You die...

## .# #####^#####
#.........#
#........$#
#.........#
#.........#
#######<........#
..........@@.....#
########.........#
###########


You could see Terence.

Vanquished Creatures
  2 dart slugs (D:1)
  3 leopard geckos (D:1)
  6 bats (D:1)
  2 goblins (D:1)
  A hobgoblin (D:1)
  2 kobolds (D:1)
  3 frilled lizards (D:1)
  A rat (D:1)
20 creatures vanquished.

Notes
Turn   | Place    | Note
-------+----------+-------------------------------------------
     0 | D:1      | ubername the Barachi Transmuter began the quest for the
                  | Orb.
     0 | D:1      | Reached XP level 1. HP: 15/15 MP: 3/3
   369 | D:1      | Reached XP level 2. HP: 21/21 MP: 3/5
   661 | D:1      | Reached XP level 3. HP: 26/26 MP: 4/6
  1124 | D:2      | Noticed Terence
  1155 | D:2      | Mangled by Terence

Illustrated notes

Levels and vault maps discovered:
D:1:      amcnicky_arrival_choice, layout_loops_ring
D:2:      layout_rooms, grunt_temple_overflow_open, uniq_terence

Skill      XL: |  1  2 |
---------------+-------+-----
Transmutations | 3 |  3.0
Fighting       | |  1.3
Dodging        | |  2.2
Unarmed Combat | |  3.8
Spellcasting   | |  2.3

Action                   || total
-------------------------++-------
Melee: Unarmed           ||    77
       Kick              ||    12
       Headbutt          ||     8
 Cast: Beastly Appendage ||    16
  Use: Scroll            ||     2
Armor: Robe              ||    19
Dodge: Dodged            ||    49
